 Dungeon Sprint DCSS version 0.19.1 (webtiles) character file.

14937 equalderp2856 the Eviscerator (level 11, -9/54 HPs)
             Began as a Felid Fighter on Nov 30, 2016.
             Was an Initiate of Gozag.
             Killed from afar by a shock serpent (20 damage)
             ... with a bolt of electricity
             ... in the Dungeon (Sprint IX: "|||||||||||||||||||||||||||||").
             The game lasted 00:32:45 (14744 turns).

equalderp2856 the Eviscerator (Felid Fighter)      Turns: 14744, Time: 00:32:46

Health: -9/54      AC:  3    Str: 17    XL:     11   Next: 95%
Magic:  17/17      EV: 34    Int: 11    God:    Gozag
Gold:   10527      SH:  0    Dex: 17    Spells: 4 memorised, 6 levels left
                                        Lives:  0   Deaths: 2

rFire  . . .     SeeInvis +       - Unarmed
rCold  + . .     Gourm    .     (armour unavailable)
rNeg   . . .     Faith    .     (shield unavailable)
rPois  .         Spirit   .     (helmet unavailable)
rElec  .         Reflect  .     (cloak unavailable)
rCorr  .         Harm     .     (gloves unavailable)
MR     +....     NoTele   +     (boots unavailable)
Stlth  ++++++++..               (no amulet)
                                n - +2 ring of evasion
                                m - +3 ring of strength

@: repel missiles, quick
A: no armour, no weapons or thrown items, stealth, claws 1, fangs 3, see
invisible, carnivore 3, speed 1, shaggy fur 3, slow metabolism 1, sharp paws
a: Potion Petition, Call Merchant, Bribe Branch, Renounce Religion


You were in the Dungeon.
You worshipped Gozag.
Gozag was extremely pleased with you.
You were not hungry.

You visited 1 branch You collected 12547 gold pieces.
You spent 2020 gold pieces at shops.

Inventory:

Jewellery
 m - a +3 ring of strength (left paw)
 n - a +2 ring of evasion (right paw)
 w - an uncursed amulet of regeneration
 x - a +4 amulet of reflection
 y - a +3 ring of protection
 z - an uncursed ring of wizardry
 A - an uncursed ring of ice
 C - an uncursed ring of ice
 D - an uncursed ring of ice
 E - an uncursed ring of poison resistance
Wands
 l - a wand of iceblast (5/15)
 p - a wand of flame (18/48)
Scrolls
 h - a scroll of blinking
 j - 6 scrolls of remove curse
 k - 2 scrolls of amnesia
 q - 4 scrolls of identify
 r - 2 scrolls of fog
 s - 2 scrolls of recharging
Potions
 a - 2 potions of might
 b - a potion of ambrosia
 c - 7 potions of curing
 d - a potion of heal wounds
 e - 3 potions of haste
 f - 4 potions of magic
 g - a potion of berserk rage
 i - a potion of invisibility
 o - a potion of agility
Books
 u - a book of Minor Magic

   Spells                             Type                      Level
   a - Magic Dart                     Conjuration                  1
   b - Blink                          Translocation                2
   c - Call Imp                       Summoning                    2
   d - Repel Missiles                 Charms/Air                   2
   e - Slow                           Hexes                        2
   f - Conjure Flame                  Conjuration/Fire             3
   g - Mephitic Cloud                 Conjuration/Poison/Air       3
 v - a book of Cantrips

   Spells                             Type                      Level
   a - Confusing Touch                Hexes                        1
   b - Animate Skeleton               Necromancy                   1
   c - Summon Small Mammal            Summoning                    1
   d - Apportation                    Translocation                1
 B - a book of Misfortune

   Spells                             Type                      Level
   a - Confusing Touch                Hexes                        1
   b - Confuse                        Hexes                        3
   c - Gell's Gravitas                Hexes/Translocation          3
   d - Petrify                        Transmutation/Earth          4
   e - Metabolic Englaciation         Hexes/Ice                    5
   f - Yara's Violent Unravelling     Hexes/Transmutation          5
Comestibles
 t - 9 meat rations


   Skills:
 + Level 10.1 Fighting
 + Level 16.9 Dodging
 + Level 19.5 Stealth
 + Level 26.3 Unarmed Combat
 + Level 1.0 Spellcasting
 + Level 1.3 Charms
 + Level 0.5 Air Magic
 + Level 7.1 Evocations


You had 6 spell levels left.
You knew the following spells:

 Your Spells              Type           Power        Failure   Level  Hunger
a - Animate Skeleton      Necr           N/A          34%         1    ##.....
b - Blink                 Tloc           N/A          56%         2    ###....
c - Confusing Touch       Hex            #.....       34%         1    ##.....
d - Repel Missiles        Chrm/Air       #.....       34%         2    ###....


Dungeon Overview and Level Annotations

Branches:
Dungeon (1/1)

Altars:
Cheibriados
Dithmenos
Elyvilon
Fedhas
Gozag
Hepliaklqana
Kikubaaqudgha
Makhleb
Nemelex Xobeh
Okawaru
Qazlal
Ru
Sif Muna
Trog
Uskayaw
Vehumet
Xom
Yredelemnul
Zin
The Shining One
Beogh
Jiyva
Lugonu

Shops:
D =(%:


Innate Abilities, Weirdness & Mutations

You cannot wear armour.
You are incapable of wielding weapons or throwing items.
Your paws allow you to move quietly. (Stealth)
You have sharp claws.
You have razor-sharp teeth.
You have supernaturally acute eyesight. (SInv)
You are carnivorous and can eat meat at any time.
You cover ground quickly.
Your thick and shaggy fur keeps you warm. (AC +3, rC+)
You have a slow metabolism.
Your sharp claws are effective at attacking unaware monsters.


Message History

The shock serpent bites you. The shock serpent shocks you!
Items here: ( )) [ an uncursed shortbow; an uncursed trident; 8 arrows; a robe You closely miss the shock serpent.
You claw the shock serpent! You bite the shock serpent.
The shock serpent is moderately wounded.
The shock serpent's electric aura discharges, shocking you!
The shock serpent misses you.
You barely miss the shock serpent. Your claw misses the shock serpent.
Your bite misses the shock serpent.
The shock serpent is moderately wounded.
The shock serpent barely misses you.
You barely miss the shock serpent. You claw the shock serpent!!
The shock serpent is severely wounded.
The shock serpent's electric aura discharges, shocking you!
* * * LOW HITPOINT WARNING * * *
The shock serpent shoots out a bolt of lightning at you!
The bolt of electricity hits you!
You die...
Your body crumbles into a pile of gold.

)▓.▓.▓.▓)▓.▓.▓.♣.♣.▓
.▓.▓'▓.▓.▓.▓.▓.♣.♣.▓
.▓.▓%▓.▓.▓.▓.▓.▓'▓.▓
.▓.▓.▓.▓.▓.▓.▓.▓.▓.▓
.▓.▓[▓.▓.▓.▓.▓.▓.▓.▓
'▓.▓[▓.▓'▓.▓'▓.▓.▓.▓
)▓.▓[▓.▓.▓.▓.▓.▓.▓.▓
.▓.▓[▓.▓.▓.▓.▓.▓S▓.▓
.▓.▓.▓.▓.▓.▓.▓.▓@▓.▓
.▓.▓.▓.▓.▓.▓.▓.▓(▓.▓
.▓.▓)▓.▓.▓.▓.▓.▓.▓.▓
.▓.▓.▓.▓.▓.▓.▓.▓.▓.▓
'▓.▓.▓.▓.▓.▓.▓.▓.▓.▓
)▓.▓.▓.▓.▓.▓.▓.▓.▓.▓
...▓)..▓...▓...▓().▓
▓▓▓▓▓▓▓▓▓▓▓▓▓▓▓▓▓▓▓▓


You could see a shock serpent.

Vanquished Creatures
  A lich (D)
  Donald (D)
  A fire giant (D)
  A stone giant (D)
  Nessos (D)
  Azrael (D)
  Josephine (D)
  A hydra (D)
  A fire dragon (D)
  3 centaur warriors (D)
  A satyr (D)
  A vampire mage (D)
  A deep troll shaman (D)
  A deep troll earth mage (D)
  2 shock serpents (D)
  5 orc high priests (D)
  A naga sharpshooter (D)
  2 sea snakes (D)
  An unseen horror (D)
  A naga ritualist (D)
  A spriggan druid (D)
  A hill giant (D)
  2 orc sorcerers (D)
  12 orc knights (D)
  An ugly thing (D)
  An orb spider (D)
  A siren (D)
  3 water nymphs (D)
  5 spiny frogs (D)
  A merfolk (D)
  A tyrant leech (D)
  2 jumping spiders (D)
  3 polar bears (D)
  A slime creature (D)
  A hippogriff (D)
  5 wraiths (D)
  A water elemental (D)
  2 shadows (D)
  A tarantella (D)
  3 yaks (D)
  3 fire elementals (D)
  A naga (D)
  3 hell hounds (D)
  A water moccasin (D)
  5 porcupines (D)
  3 swamp drakes (D)
  7 orc warriors (D)
  5 black bears (D)
  2 wolves (D)
  2 centaurs (D)
  2 crocodiles (D)
  2 bullfrogs (D)
  A crimson imp (D)
  6 orc priests (D)
  3 orc wizards (D)
  An adder (D)
  A shadow imp (D)
  An adder skeleton (D)
  A dart slug (D)
  A leopard gecko (D)
  7 orcs (D)
  A ball python (D)
  2 bats (D)
  A jackal skeleton (D)
  A kobold (D)
  A quokka zombie (D)
  A rat (D)
141 creatures vanquished.

Vanquished Creatures (others)
  2 swamp drakes (D)
2 creatures vanquished.

Grand Total: 143 creatures vanquished

Notes
Turn   | Place    | Note
-------+----------+-------------------------------------------
     0 | D        | equalderp2856 the Felid Fighter began the quest for the Orb.
     0 | D        | Reached XP level 1. HP: 10/10 MP: 2/2
    23 | D        | Reached skill level 5 in Unarmed Combat
    35 | D        | Noticed a centaur
    40 | D        | Killed a centaur
    40 | D        | Reached skill level 7 in Unarmed Combat
    40 | D        | Reached XP level 2. HP: 15/15 MP: 3/3
    40 | D        | Reached XP level 3. HP: 18/18 MP: 4/4
    40 | D        | Reached XP level 4. HP: 22/22 MP: 5/5
    48 | D        | Reached skill level 8 in Unarmed Combat
   106 | D        | Found a roughly hewn altar of Beogh.
   106 | D        | Found a snail-covered altar of Cheibriados.
   106 | D        | Found a shadowy altar of Dithmenos.
   106 | D        | Found a white marble altar of Elyvilon.
   106 | D        | Found a blossoming altar of Fedhas.
   106 | D        | Found an opulent altar of Gozag.
   107 | D        | Found a hazy altar of Hepliaklqana.
   108 | D        | Found a viscous altar of Jiyva.
   109 | D        | Found an ancient bone altar of Kikubaaqudgha.
   110 | D        | Found a corrupted altar of Lugonu.
   111 | D        | Found a burning altar of Makhleb.
   112 | D        | Found a sparkling altar of Nemelex Xobeh.
   113 | D        | Found an iron altar of Okawaru.
   114 | D        | Found a stormy altar of Qazlal.
   115 | D        | Found a sacrificial altar of Ru.
   116 | D        | Found a deep blue altar of Sif Muna.
   117 | D        | Found a bloodstained altar of Trog.
   118 | D        | Found a hide-covered altar of Uskayaw.
   119 | D        | Found a radiant altar of Vehumet.
   120 | D        | Found a shimmering altar of Xom.
   121 | D        | Found a basalt altar of Yredelemnul.
   122 | D        | Found a glowing silver altar of Zin.
   123 | D        | Found a glowing golden altar of the Shining One.
   146 | D        | Became a worshipper of Gozag Ym Sagoz the Greedy
   181 | D        | Noticed a yak
   181 | D        | Noticed a centaur
   192 | D        | Killed a yak
   192 | D        | Reached skill level 5 in Fighting
   192 | D        | Reached skill level 10 in Unarmed Combat
   192 | D        | Reached XP level 5. HP: 26/26 MP: 6/6
   202 | D        | Killed a centaur
   202 | D        | Reached skill level 11 in Unarmed Combat
   202 | D        | Gained mutation: You are covered in thick fur. (AC +2) [Felid growth]
   202 | D        | Reached XP level 6. HP: 26/31 MP: 7/7
   253 | D        | Noticed a hill giant
   253 | D        | Noticed a shadow
   253 | D        | Noticed a shadow
   253 | D        | Noticed a purple ugly thing
   266 | D        | Killed a hill giant
   266 | D        | Reached skill level 13 in Unarmed Combat
   266 | D        | Reached XP level 7. HP: 8/35 MP: 8/8
   564 | D        | Killed a purple ugly thing
   564 | D        | Reached skill level 10 in Dodging
   564 | D        | Reached skill level 14 in Unarmed Combat
   564 | D        | Reached XP level 8. HP: 27/40 MP: 9/9
   582 | D        | Reached skill level 15 in Unarmed Combat
   782 | D        | Noticed a spiny frog
   782 | D        | Noticed a hippogriff
  1130 | D        | Killed a spiny frog
  1411 | D        | Reached XP level 9. HP: 43/43 MP: 10/10
  1427 | D        | Reached skill level 16 in Unarmed Combat
  1776 | D        | Noticed a spiny frog
  1776 | D        | Noticed a spiny frog
  1776 | D        | Noticed a spiny frog
  1782 | D        | Reached skill level 17 in Unarmed Combat
  2361 | D        | Killed a spiny frog
  2370 | D        | Killed a spiny frog
  2584 | D        | Killed a spiny frog
  2584 | D        | Reached skill level 18 in Unarmed Combat
  2590 | D        | Reached XP level 10. HP: 42/48 MP: 11/11
  2596 | D        | Reached skill level 10 in Stealth
  3219 | D        | Reached skill level 19 in Unarmed Combat
  3350 | D        | Noticed an orc sorcerer
  3494 | D        | Killed an orc sorcerer
  3659 | D        | Noticed an orc sorcerer
  3659 | D        | Noticed an orc knight
  3660 | D        | Noticed an orc knight
  3673 | D        | Killed an orc sorcerer
  3894 | D        | Killed an orc knight
  4580 | D        | Reached skill level 20 in Unarmed Combat
  4919 | D        | Killed an orc knight
  5017 | D        | Reached XP level 11. HP: 50/51 MP: 12/12
  5100 | D        | Noticed an orc knight
  5109 | D        | Killed an orc knight
  5136 | D        | Found Rekuewk's Jewellery Emporium.
  5136 | D        | Noticed an orc high priest
  5136 | D        | Noticed an orc knight
  5136 | D        | Noticed an orc knight
  5136 | D        | Noticed an orc high priest
  5136 | D        | Noticed an orc knight
  5137 | D        | Noticed an orc knight
  5138 | D        | Killed an orc high priest
  5139 | D        | Noticed an orc high priest
  6717 | D        | Killed an orc knight
  6819 | D        | Killed an orc knight
  7748 | D        | Killed an orc knight
  7748 | D        | Reached skill level 21 in Unarmed Combat
  7934 | D        | Killed an orc high priest
  9073 | D        | Killed an orc knight
  9322 | D        | Killed an orc high priest
  9322 | D        | Reached skill level 1 in Evocations
  9413 | D        | Noticed an orc knight
  9620 | D        | Killed an orc knight
  9786 | D        | Found Zadun's Antique Weapon Shoppe.
  9790 | D        | Found Fuakebew's Food Emporium.
  9794 | D        | Found Comnaby's Book Shoppe.
  9796 | D        | Noticed an orc high priest
  9797 | D        | Noticed an orc knight
  9798 | D        | Noticed an orc knight
  9799 | D        | Noticed an orc high priest
  9800 | D        | Noticed an orc knight
  9803 | D        | Killed an orc high priest
 10260 | D        | Killed an orc knight
 10260 | D        | Reached skill level 22 in Unarmed Combat
 10366 | D        | HP: 2/52 [orc knight/enchanted great mace (31)]
 10803 | D        | Killed an orc knight
 10974 | D        | Killed an orc high priest
 11005 | D        | Killed an orc knight
 11033 | D        | Bought a book of Minor Magic for 240 gold pieces
 11033 | D        | Bought a book of Cantrips for 240 gold pieces
 11041 | D        | Learned a level 1 spell: Animate Skeleton
 11044 | D        | Learned a level 2 spell: Blink
 11046 | D        | Learned a level 1 spell: Confusing Touch
 11049 | D        | Learned a level 2 spell: Repel Missiles
 11143 | D        | Bought an uncursed amulet of regeneration for 300 gold pieces
 11143 | D        | Bought a +4 amulet of reflection for 250 gold pieces
 11143 | D        | Bought a +3 ring of protection for 210 gold pieces
 11143 | D        | Bought an uncursed ring of wizardry for 300 gold pieces
 11153 | D        | Bought a book of Cantrips for 240 gold pieces
 11155 | D        | Bought a book of Misfortune for 240 gold pieces
 11309 | D        | Noticed a centaur warrior
 11309 | D        | Noticed an unseen horror
 11309 | D        | Noticed a centaur warrior
 11310 | D        | Noticed an orc knight
 11311 | D        | Killed a centaur warrior
 11318 | D        | Noticed a centaur warrior
 11319 | D        | Noticed a fire dragon
 11574 | D        | Reached skill level 15 in Stealth
 11574 | D        | Gained mutation: Your thick and shaggy fur keeps you warm. (AC +3, rC+) [Felid growth]
 11574 | D        | Reached XP level 12. HP: 54/57 MP: 16/16
 11580 | D        | Noticed a lich
 11603 | D        | Killed a lich
 11603 | D        | Reached skill level 15 in Dodging
 11603 | D        | Reached skill level 23 in Unarmed Combat
 11603 | D        | Reached skill level 5 in Evocations
 11777 | D        | Killed a centaur warrior
 11891 | D        | Killed a centaur warrior
 11935 | D        | Noticed a vampire mage
 11935 | D        | Killed a fire dragon
 12077 | D        | Killed a vampire mage
 12095 | D        | Noticed a stone giant
 12096 | D        | Noticed a fire giant
 12097 | D        | Noticed a deep troll shaman
 12098 | D        | Noticed a deep troll earth mage
 12102 | D        | Killed a stone giant
 12110 | D        | Killed a fire giant
 12110 | D        | Reached skill level 24 in Unarmed Combat
 12290 | D        | Killed a deep troll shaman
 12327 | D        | Killed a deep troll earth mage
 12387 | D        | Noticed Azrael
 12403 | D        | Killed Azrael
 12622 | D        | Noticed a satyr
 13136 | D        | Reached XP level 13. HP: 61/61 MP: 19/19
 13183 | D        | Reached skill level 10 in Fighting
 13183 | D        | Reached skill level 1 in Charms
 13190 | D        | Reached skill level 25 in Unarmed Combat
 13352 | D        | HP: 1/61 [wolf spider (13)]
 13353 | D        | Slain by a wolf spider
 13354 | D        | Reached XP level 12. HP: -4/58 MP: 18/18
 13365 | D        | Noticed Donald
 13372 | D        | Killed Donald
 13372 | D        | Reached skill level 1 in Spellcasting
 13398 | D        | Noticed Nessos
 13405 | D        | Killed Nessos
 13409 | D        | Noticed Josephine
 13422 | D        | Killed Josephine
 13626 | D        | Noticed a four-headed hydra
 13647 | D        | Killed a four-headed hydra
 13814 | D        | Reached skill level 26 in Unarmed Combat
 14363 | D        | Killed from afar by a shock serpent
 14364 | D        | Reached XP level 11. HP: -19/54 MP: 17/17
 14393 | D        | Killed a shock serpent
 14693 | D        | Killed a naga sharpshooter
 14744 | D        | Killed from afar by a shock serpent

Skill      XL: |  1  2  3  4  5  6  7  8  9 10 11 12 13 |
---------------+----------------------------------------+-----
Unarmed Combat | 7 10 11 13 14 15 18 20 22 26 25 | 26.3
Fighting       | 4 5 6 7 8 9 10 | 10.1
Dodging        | 6 7 8 9 10 11 12 13 14 16 | 16.9
Stealth        | 2 3 4 6 8 9 12 15 19 17 | 19.5
Evocations     | 4 7 |  7.1
Charms         | 1 |  1.3
Spellcasting   | 1 |  1.0
Air Magic      | |  0.5

Action                   |  1- 3 |  4- 6 |  7- 9 | 10-12 | 13-15 || total
-------------------------+-------+-------+-------+-------+-------++-------
Melee: Unarmed           |    21 |    46 |    90 |   480 |    31 ||   668
       Bite              |     2 |     5 |     9 |    63 |     3 ||    82
       Punch             |     1 |     5 |     7 |    48 |     2 ||    63
 Cast: Repel Missiles    |       |       |       |     1 |       ||     1
Evoke: Wand              |       |       |       |    17 |       ||    17
  Use: Potion            |       |       |       |     8 |     3 ||    11
       Scroll            |       |       |       |       |     1 ||     1
 Stab: Sleeping          |     2 |       |       |     5 |     5 ||    12
       Distracted        |       |     1 |     1 |    15 |     1 ||    18
       Confused          |       |       |       |     1 |       ||     1
  Eat: Meat ration       |       |       |     1 |     3 |       ||     4
Armor: Skin              |     2 |     2 |       |     2 |       ||     6
Dodge: Dodged            |    16 |    25 |    56 |   212 |    26 ||   335
       Deflected         |       |       |       |     2 |       ||     2
